 Dungeon Crawl Stone Soup version 0.18.1-8-gdd0e5ea (webtiles) character file.

852 Scarto the Skirmisher (level 7, -2/56 HPs)
             Began as a Demonspawn Fighter on May 31, 2016.
             Slain by an ogre
             ... wielding a +0 giant club
              (6 damage)
             ... on level 5 of the Dungeon.
             The game lasted 00:05:48 (3341 turns).

Scarto the Skirmisher (Demonspawn Fighter)          Turns: 3341, Time: 00:05:48

Health: -2/56      AC:  7    Str: 19    XL:     7   Next: 69%
Magic:  0/7        EV:  7    Int:  9    God:
Gold:   174        SH: 11    Dex: 12    Spells: 0 memorised, 6 levels left

rFire  . . .     SeeInvis .     a - +0 war axe
rCold  . . .     Gourm    .     b - +0 scale mail
rNeg   . . .     Faith    .     c - +1 shield
rPois  .         Spirit   +     (helmet restricted)
rElec  .         Dismiss  .     (no cloak)
rCorr  .         Reflect  .     (no gloves)
SustAt .         Harm     .     (no boots)
MR     .....                    (no amulet)
Stlth  ..........               (no ring)
                                (no ring)

@: lethally poisoned (-2 -> -3), not resistant to hostile enchantments,
extremely unstealthy
A: antennae 2, magic shield
a: no special abilities


You were on level 5 of the Dungeon.
You were not hungry.

You visited 1 branch of the dungeon, and saw 5 of its levels.

You collected 174 gold pieces.

Inventory:

Hand Weapons
 a - a +0 war axe (weapon)
Missiles
 k - 2 poisoned tomahawks (quivered)
 l - 5 javelins
Armour
 b - a +0 scale mail (worn)
 c - a +1 shield (worn)
Wands
 f - a wand of polymorph (18/24)
 v - a wand of confusion (15/48)
Scrolls
 g - 2 scrolls of amnesia {unknown}
 j - 6 scrolls of identify
Potions
 d - a potion of might
 e - a potion of agility
 m - a potion of degeneration {unknown}
 n - a potion of haste {unknown}
 o - a potion of ambrosia {unknown}
 t - 2 potions of flight {unknown}
Comestibles
 h - a slice of pizza
 i - 5 meat rations
 s - 2 bread rations
 u - a beef jerky


   Skills:
 + Level 5.2 Fighting
 + Level 4.0 Axes
 + Level 4.8 Armour
 + Level 5.0 Shields


You had 6 spell levels left.
You didn't know any spells.

Dungeon Overview and Level Annotations

Branches:
Dungeon (5/15)
 Temple: D:4-7

Altars:
Ashenzari
Fedhas
Ru
Xom
Yredelemnul

Annotations:
D:3 exclusion: oklob plant


Innate Abilities, Weirdness & Mutations

You have a pair of antennae on your head.
When hurt, damage is shared between your health and your magic reserves.


Message History

You are too injured to fight recklessly!
You are too injured to fight recklessly!
You are too injured to fight recklessly!
You are too injured to fight recklessly!
You are too injured to fight recklessly!
You are too injured to fight recklessly!
You are too injured to fight recklessly!
You are too injured to fight recklessly!
You are too injured to fight recklessly!
Your shield and scale mail prevent you from hitting the ogre.
The ogre is severely wounded.
You feel sick. You block the ogre's attack.
You hit the ogre.
The ogre is almost dead.
The ogre hits you with a giant club!
* * * LOW HITPOINT WARNING * * *
You barely miss the ogre.
The ogre is almost dead.
The ogre hits you with a giant club.
You die...

###..
##......# #.
##.....#
#....#...####
#....#......#
#....##.###..#
..........##
.#
###.#######.##
.#..≈≈≈..#.#
.#..≈...≈@.#..
..≈._.≈O..#..#
.!≈...≈..#...#
#..≈≈≈..#...##
.#######...##
#.## .#


You could see an ogre.

Vanquished Creatures
  Pikel (D:4)
  A slave (D:4)
  A scorpion (D:4)
  A crimson imp (D:5)
  A giant frog skeleton (D:4)
  A hound (D:4)
  2 jellies (D:5)
  3 worker ants
  5 adders
  2 oozes (D:1)
  An adder zombie (D:5)
  A worm (D:2)
  A dart slug (D:1)
  4 giant geckos
  6 orcs
  3 giant cockroaches
  7 goblins
  11 hobgoblins
  5 jackals
  9 kobolds
  A sheep (D:5)
  9 bats
  2 giant newts (D:4)
  3 rats
  A plant (D:1)
82 creatures vanquished.

Vanquished Creatures (others)
  A hound (D:4)
1 creature vanquished.

Grand Total: 83 creatures vanquished

Notes
Turn   | Place    | Note
--------------------------------------------------------------
     0 | D:1      | Scarto the Demonspawn Fighter began the quest for the Orb.
     0 | D:1      | Reached XP level 1. HP: 18/18 MP: 1/1
   121 | D:1      | Gained mutation: You have a pair of small antennae on your head. [demonic ancestry]
   121 | D:1      | Reached XP level 2. HP: 24/24 MP: 2/2
   315 | D:1      | Reached XP level 3. HP: 15/29 MP: 3/3
   733 | D:2      | Gained mutation: When hurt, damage is shared between your health and your magic reserves. [demonic ancestry]
   733 | D:2      | Reached XP level 4. HP: 23/36 MP: 4/4
  1578 | D:3      | Found a basalt altar of Yredelemnul.
  1708 | D:3      | Found a blossoming altar of Fedhas.
  1730 | D:3      | Noticed an oklob plant
  1807 | D:4      | Reached XP level 5. HP: 35/42 MP: 5/5
  1831 | D:4      | Found a shattered altar of Ashenzari.
  1892 | D:4      | HP: 2/42 [poisoned by a worker ant]
  2621 | D:4      | Noticed Pikel
  2621 | D:4      | Noticed a slave
  2622 | D:4      | Noticed a slave
  2622 | D:4      | Noticed a slave
  2623 | D:4      | Noticed a slave
  2632 | D:4      | Killed a slave
  2643 | D:4      | Killed Pikel
  2643 | D:4      | Reached skill level 5 in Fighting
  2643 | D:4      | Gained mutation: You have a pair of antennae on your head. [demonic ancestry]
  2643 | D:4      | Reached XP level 6. HP: 21/51 MP: 3/6
  2643 | D:4      | Reached XP level 7. HP: 23/56 MP: 3/7
  3231 | D:5      | Entered Level 5 of the Dungeon
  3250 | D:5      | Found a shimmering altar of Xom.
  3271 | D:5      | Reached skill level 5 in Shields
  3327 | D:5      | Found a sacrificial altar of Ru.
  3341 | D:5      | Slain by an ogre

Skill      XL: |  1  2  3  4  5  6  7 |
---------------+----------------------+-----
Axes           | 2 3 4 |  4.0
Shields        | 3 4 5 |  5.0
Armour         | 3 4 |  4.8
Fighting       | 5 |  5.2

Action                   |  1- 3 |  4- 6 |  7- 9 || total
-------------------------+-------+-------+-------++-------
Melee: War axe           |   125 |   146 |    41 ||   312
  Use: Potion            |       |     1 |       ||     1
       Scroll            |       |       |     6 ||     6
  Eat: Bread ration      |       |     2 |       ||     2
       Chunk             |       |     1 |       ||     1
Armor: Scale mail        |    51 |    56 |     8 ||   115
Dodge: Dodged            |    28 |    36 |    12 ||    76
Block: Shield            |    63 |    86 |    32 ||   181
